 Dungeon Crawl Stone Soup version 0.20.1-1-g8b1a95d (webtiles) character file.

807 galech the Ruffian (level 7, -10/67 HPs)
             Began as a Troll Monk on Sept 13, 2017.
             Was a Believer of Okawaru.
             Mangled by a two-headed ogre
             ... wielding a +0 giant club
              (25 damage)
             ... on level 8 of the Dungeon.
             The game lasted 00:04:53 (3222 turns).

galech the Ruffian (Troll Monk)                     Turns: 3222, Time: 00:04:53

Health: -10/67     AC:  5    Str: 22    XL:     7   Next: 60%
Magic:  6/6        EV: 11    Int:  6    God:    Okawaru [**....]
Gold:   208        SH:  0    Dex: 12    Spells: 6/6 levels left

rFire    + + .     SeeInvis .     - Unarmed
rCold    x . .     Gourm    +   (no shield)
rNeg     . . .     Faith    .   a - +0 robe
rPois    .         Spirit   .   (helmet restricted)
rElec    .         Reflect  .   (no cloak)
rCorr    .         Harm     .   (gloves unavailable)
MR       .....                  (boots unavailable)
Stlth    ++........             (no amulet)
Regen    0.7/turn               j - ring of protection from fire
MPRegen  0.1/turn               t - ring of fire

@: no status effects
A: unfitting armour, claws 3, fast metabolism 3, gourmand, regeneration 1,
shaggy fur 1, tough skin 2
a: Heroism, Renounce Religion


You were on level 8 of the Dungeon.
You worshipped Okawaru.
Okawaru was pleased with you.
You were completely stuffed.

You visited 2 branches of the dungeon, and saw 8 of its levels.

You collected 273 gold pieces.
You spent 65 gold pieces at shops.

Inventory:

Armour
 a - a +0 robe (worn)
Jewellery
 j - a ring of protection from fire (left claw)
 t - a ring of fire (right claw)
Scrolls
 c - 3 scrolls of recharging {unknown}
 d - 3 scrolls of teleportation {unknown}
 e - 3 scrolls of enchant armour {unknown}
 f - 3 scrolls of remove curse {unknown}
 i - a scroll of fear {unknown}
 k - a scroll of random uselessness {unknown}
 n - 4 scrolls of identify {unknown}
 u - a scroll of fog {unknown}
Potions
 g - a potion of lignification {unknown}
 h - 2 potions of degeneration {unknown}
 l - 3 potions of invisibility {unknown}
 m - a potion of mutation {unknown}
 r - a potion of flight {unknown}
 v - 2 potions of might {unknown}
 w - a potion of heal wounds
 x - a potion of curing {unknown}
 z - a potion of magic {unknown}
Comestibles
 b - 5 bread rations
 o - a chunk of flesh
 p - a royal jelly
 q - 7 fruits
 s - 2 meat rations


   Skills:
 + Level 3.5 Fighting
 + Level 4.1 Dodging
 + Level 1.8 Stealth
 + Level 7.0 Unarmed Combat


You had 6 spell levels left.
You didn't know any spells.

Dungeon Overview and Level Annotations

Branches:
Dungeon (6/15)             Temple (1/1) D:4

Altars:
Fedhas
Hepliaklqana
Kikubaaqudgha
Makhleb
Nemelex Xobeh
Okawaru
Qazlal
Ru
Sif Muna
Trog
Vehumet
Xom
Yredelemnul
Zin

Shops:
D:4 !

Annotations:
D:8 Biabri's ghost, novice MiCK


Innate Abilities, Weirdness & Mutations

You are too large for most types of armour.
You have claws for hands.
Your metabolism is lightning-fast.
You like to eat raw meat.
Your natural rate of healing is unusually fast.
You are covered in fur. (AC +1)
You have very tough skin. (AC +2)


Message History

The shaft crumbles and collapses.
Biabri's ghost (novice Minotaur Chaos Knight) comes into view.
It is wielding a weapon of chaos.
Biabri's ghost turns its malevolent gaze towards you.
A two-headed ogre comes into view. It is wielding two giant clubs.
The two-headed ogre shouts in stereo!
You scratch the two-headed ogre.
The two-headed ogre is lightly wounded.
The two-headed ogre hits you with a giant club!
The two-headed ogre hits you with a giant club.
You claw the two-headed ogre!
The two-headed ogre is moderately wounded.
You claw the two-headed ogre!
The two-headed ogre is heavily wounded.
The two-headed ogre hits you with a giant club! x2
You scratch the two-headed ogre.
The two-headed ogre is heavily wounded.
Biabri's ghost hits you!
* * * LOW HITPOINT WARNING * * *
The two-headed ogre hits you with a giant club!!
You die...

#...# ... ... ...
#.# #.# #O# #@#
#W# # #.# # .#
#.# ##. .##.# ##
#.### #.#.# ..
#....##.#.#.#####
#.##............#
#..###......###..


You could see a two-headed ogre and Biabri's ghost.

Vanquished Creatures
  A necrophage (D:6)
  A bullfrog (D:6)
  2 scorpions
  A howler monkey (D:4)
  A hound (D:5)
  A bullfrog zombie (D:5)
  An orc priest (D:5)
  4 orc wizards
  3 worker ants
  A killer bee zombie (D:5)
  A worker ant zombie (D:5)
  3 gnolls (D:2)
  10 adders
  3 oozes
  3 adder skeletons
  2 worms
  2 dart slugs
  2 leopard geckos
  11 orcs
  7 bats
  4 giant cockroaches
  4 goblins
  2 hobgoblins
  3 jackals (D:5)
  A ball python (D:1)
  3 frilled lizards
  9 kobolds
  A quokka skeleton (D:5)
  5 rats
92 creatures vanquished.

Notes
Turn   | Place    | Note
-------+----------+-------------------------------------------
     0 | D:1      | galech the Troll Monk began the quest for the Orb.
     0 | D:1      | Reached XP level 1. HP: 22/22 MP: 0/0
     0 | D:1      | Noticed a shadow dragon
     0 | D:1      | Noticed an ice dragon
     0 | D:1      | Noticed a shadow dragon
     3 | D:1      | Noticed a tentacled monstrosity
     6 | D:1      | Noticed a tentacled monstrosity
     7 | D:1      | Noticed a tentacled monstrosity
     8 | D:1      | Noticed a tentacled monstrosity
    11 | D:1      | Noticed an orb of fire
    13 | D:1      | Noticed an ice dragon
    13 | D:1      | Noticed an ice dragon
    15 | D:1      | Noticed a tentacled monstrosity
    15 | D:1      | Noticed a shadow dragon
    17 | D:1      | Noticed an iron dragon
    19 | D:1      | Noticed a tentacled monstrosity
    21 | D:1      | Noticed a shadow dragon
    82 | D:1      | Reached XP level 2. HP: 28/29 MP: 1/1
   623 | D:2      | Reached XP level 3. HP: 30/36 MP: 2/2
   918 | D:2      | Reached XP level 4. HP: 32/44 MP: 3/3
   941 | D:2      | Reached skill level 4 in Unarmed Combat
  1179 | D:3      | Reached XP level 5. HP: 52/52 MP: 4/4
  1546 | D:4      | Reached skill level 5 in Unarmed Combat
  1590 | D:4      | Found a staircase to the Ecumenical Temple.
  1599 | Temple   | Entered the Ecumenical Temple
  1614 | Temple   | Became a worshipper of Warmaster Okawaru
  1614 | Temple   | Reached * piety under Okawaru
  1614 | Temple   | Reached ** piety under Okawaru
  1771 | D:4      | Reached XP level 6. HP: 46/61 MP: 5/5
  1904 | D:4      | Found a blossoming altar of Fedhas.
  2252 | D:4      | Found Cuiciec's Distillery.
  2255 | D:4      | Bought a potion of heal wounds for 65 gold pieces
  2263 | D:5      | Entered Level 5 of the Dungeon
  2278 | D:5      | Reached skill level 6 in Unarmed Combat
  2417 | D:5      | Reached XP level 7. HP: 28/67 MP: 6/6
  2881 | D:5      | Found a radiant altar of Vehumet.
  2882 | D:5      | Found a bloodstained altar of Trog.
  2918 | D:6      | Found a stormy altar of Qazlal.
  3018 | D:6      | Reached skill level 7 in Unarmed Combat
  3184 | D:6      | Found a shimmering altar of Xom.
  3193 | D:6      | Found a shimmering altar of Xom.
  3194 | D:6      | You fall through a shaft for 2 floors!
  3210 | D:8      | Noticed Biabri's ghost (novice MiCK)
  3215 | D:8      | Noticed a two-headed ogre
  3222 | D:8      | Mangled by a two-headed ogre

Skill      XL: |  1  2  3  4  5  6  7 |
---------------+----------------------+-----
Dodging        | 3 4 |  4.1
Unarmed Combat | 4 5 6 7 |  7.0
Fighting       | 3 |  3.5
Stealth        | |  1.8

Action                   |  1- 3 |  4- 6 |  7- 9 || total
-------------------------+-------+-------+-------++-------
Melee: Unarmed           |    86 |   147 |    64 ||   297
       Punch             |     1 |     6 |     1 ||     8
 Stab: Sleeping          |     3 |     1 |     1 ||     5
  Eat: Chunk             |    14 |    14 |     7 ||    35
Armor: Robe              |    25 |    51 |    16 ||    92
Dodge: Dodged            |    47 |   108 |    27 ||   182
